 Dungeon Crawl Stone Soup version 0.31-a0-264-ga0b03e459d (webtiles) character file.

Game seed: 15774729787194896279

92 qw the Shooter (level 4, -2/36 HPs)
             Began as a Minotaur Hexslinger on July 13, 2023.
             Slain by an ogre
             ... wielding a +0 giant club
              (11 damage)
             ... on level 3 of the Dungeon.
             The game lasted 00:00:40 (1470 turns).

qw the Shooter (Minotaur Hexslinger)                Turns: 1470, Time: 00:00:41

Health: -2/36      AC:  2    Str: 13    XL:     4   Next: 35%
Magic:  4/4        EV: 13    Int: 10    God:
Gold:   48         SH:  0    Dex: 20    Spells: 4/5 levels left

rFire   . . .        Y - +2 sling (heavy)
rCold   . . .        (no shield)
rNeg    . . .        c - +0 robe
rPois   +            (helmet restricted)
rElec   .            (no cloak)
rCorr   .            (no gloves)
SInv    .            (no boots)
Will    .....        (no amulet)
Stlth   ++           a - ring of poison resistance
HPRegen 0.26/turn    g - +6 ring of dexterity
MPRegen 0.09/turn

%: no passive effects
@: no status effects
A: horns 2, retaliatory headbutt
a: no special abilities


You were on level 3 of the Dungeon.
You visited 1 branch of the dungeon, and saw 3 of its levels.

You collected 183 gold pieces.
You spent 135 gold pieces at shops.


Innate Abilities, Weirdness & Mutations

You have a pair of horns on your head.
You reflexively headbutt those who attack you in melee.


   Skills:
 - Level 2.0 Fighting
 + Level 4.9 Ranged Weapons
 - Level 2.1 Dodging
 - Level 1.0 Spellcasting
 - Level 2.0 Hexes


You had 4 spell levels left.
You knew the following spells:

 Your Spells              Type           Power      Damage    Failure   Level
a - Slow                  Hex            16%        N/A       16%         1

Your spell library contained the following spells:

 Spells                   Type           Power      Damage    Failure   Level
 Inner Flame              Hex/Fire       2%         N/A       56%         3
 Portal Projectile        Hex/Tloc       4%         N/A       56%         3
 Cause Fear               Hex            2%         N/A       83%         4

Inventory:

Hand Weapons
 Y - a +2 heavy sling (weapon)
Armour
 c - a +0 robe (worn)
 l - a +0 leather armour
 n - a +0 ring mail
Jewellery
 a - a ring of poison resistance (left hand)
 g - a +6 ring of dexterity (right hand)
Scrolls
 k - 3 scrolls of identify
 m - 2 scrolls of vulnerability {unknown}
 o - a scroll of fog {unknown}
Potions
 b - a potion of brilliance {unknown}
 d - 2 potions of curing {unknown}
 e - a potion of enlightenment {unknown}
 f - a potion of heal wounds {unknown}
 h - a potion of degeneration {unknown}
 i - a potion of berserk rage {unknown}
 j - a potion of haste

Dungeon Overview and Level Annotations

Branches:
Dungeon (3/15)

Altars:
Ashenzari
Dithmenos
Elyvilon
Makhleb

Shops:
D:3 ?


Message History

Enter note:
Enter note:
Enter note:
Enter note: You shoot a sling bullet.
The goblin shouts!
The sling bullet hits the goblin.
You kill the goblin!
The goblin hits you but does no damage.
You shoot a sling bullet. The sling bullet hits the goblin!
You kill the goblin!
The goblin unwields a +0 club.
The goblin wields a +0 sling.
The goblin shoots a sling bullet.
The sling bullet hits you. The goblin barely misses you.
You shoot a sling bullet. The sling bullet hits the goblin!
You kill the goblin!
The goblin hits you with a +0 dagger.
You shoot a sling bullet.
The sling bullet barely misses the goblin.
The sling bullet closely misses the ogre.
The sling bullet misses the goblin.
The goblin hits you with a +0 dagger.
You shoot a sling bullet.
The sling bullet closely misses the goblin.
The sling bullet hits the ogre!
The ogre is moderately wounded.
The goblin hits you with a +0 dagger. x2
You shoot a sling bullet. The sling bullet hits the goblin!
You kill the goblin!
The ogre barely misses you. You furiously retaliate!
You headbutt the ogre. You shoot a sling bullet.
The sling bullet hits the ogre!
The ogre is severely wounded.
The ogre hits you with a +0 giant club!!
Ouch! That really hurt!
You shoot a sling bullet.
The sling bullet completely misses the ogre.
The sling bullet hits the goblin!
You kill the goblin!
The ogre hits you with a +0 giant club!
You die...

# #..##....).._.##_..##..##
#### #.###.........##...#...#
...# ### #..............%.#.#
##.###
###........######.##.##
##...##
#...<###########..##..#
####..###....#
#........##.### #
##...#....## ####.....##....
###
###.......####g..#.....##...>
..#
###.......@Og..#)..........
..# #....#####g..#.....##....
..# #...(# ###.....###### ###
###### #######


You could see an ogre and 3 goblins.

Vanquished Creatures
  4 adders (D:3)
  A worm (D:3)
  2 dart slugs (D:2)
  An endoplasm (D:2)
  3 giant cockroaches
  9 goblins
  5 hobgoblins
  4 jackals (D:1)
  A kobold (D:3)
  2 quokkas
  A ball python (D:3)
  7 bats
  2 frilled lizards
  5 rats
47 creatures vanquished.

Notes
Turn   | Place    | Note
-------+----------+-------------------------------------------
     0 | D:1      | qw the Minotaur Hexslinger began the quest for the Orb.
     0 | D:1      | Reached XP level 1. HP: 16/16 MP: 1/1
     0 | D:1      | 0 ||| qw: Version: 0.3-a-52-g30416fa
     0 | D:1      | 0 ||| qw: Game counter: 7571
     0 | D:1      | 0 ||| qw: Melee chars always use a shield: true
     0 | D:1      | 0 ||| qw: God list: Okawaru
     0 | D:1      | 0 ||| qw: Allow faded altars: false
     0 | D:1      | 0 ||| qw: Do Orc after clearing Dungeon:15 true
     0 | D:1      | 0 ||| qw: Do second Lair branch before Depths: true
     0 | D:1      | 0 ||| qw: Lair rune preference: random
     0 | D:1      | 0 ||| qw: Goals: Normal
     0 | D:1      | 0 ||| PLANNING D:1-11
    89 | D:1      | Reached skill level 3 in Ranged Weapons
    90 | D:1      | Reached XP level 2. HP: 8/23 MP: 2/2
   462 | D:1      | 462 ||| READING scroll labelled XECZYC PIHECK.
   470 | D:1      | 470 ||| READING scroll labelled UTEUNW SIDYS.
   471 | D:1      | 471 ||| DROPPING scroll of poison.
   733 | D:2      | Reached XP level 3. HP: 27/29 MP: 3/3
   976 | D:2      | 976 ||| UPGRADING to ring of poison resistance.
   977 | D:2      | 977 ||| UPGRADING to +6 ring of dexterity.
   978 | D:2      | 978 ||| READING 2 scrolls labelled UGOUPP QISARU.
  1032 | D:2      | 1032 ||| READING scroll labelled ARCHEM NIOLUIMN.
  1033 | D:2      | 1033 ||| READING scroll labelled DYQOUS LUNN.
  1034 | D:2      | 1034 ||| DRINKING 2 cyan potions.
  1035 | D:2      | 1035 ||| DROPPING scroll of torment.
  1061 | D:3      | Reached skill level 4 in Ranged Weapons
  1072 | D:3      | 1072 ||| STAIRDANCE
  1156 | D:3      | Found a white marble altar of Elyvilon.
  1182 | D:3      | Found a shadowy altar of Dithmenos.
  1191 | D:3      | Reached XP level 4. HP: 33/36 MP: 4/4
  1203 | D:3      | Found a burning altar of Makhleb.
  1207 | D:3      | 1207 ||| READING scroll labelled PIOTET RANN.
  1209 | D:3      | Found a broken altar of Ashenzari.
  1274 | D:3      | Found Vuec's Magic Scroll Emporium.
  1287 | D:3      | 1287 ||| BUYING scroll of brand weapon (95 gold).
  1287 | D:3      | Bought a scroll of brand weapon for 95 gold pieces
  1287 | D:3      | 1287 ||| BUYING scroll of identify (20 gold).
  1287 | D:3      | Bought a scroll of identify for 20 gold pieces
  1287 | D:3      | 1287 ||| BUYING scroll of identify (20 gold).
  1287 | D:3      | Bought a scroll of identify for 20 gold pieces
  1287 | D:3      | 1287 ||| SHOPLISTING scroll of teleportation (30 gold, have
                  | 7).
  1287 | D:3      | 1287 ||| READING scroll of brand weapon.
  1287 | D:3      | 1287 ||| BRANDING +2 sling.
  1462 | D:3      | Noticed an ogre
  1469 | D:3      | HP: 8/36 [ogre/+0 giant club (20)]
  1470 | D:3      | Slain by an ogre

Levels and vault maps discovered:
D:1:      lightli_molten_gateway, layout_rooms
D:2:      layout_basic
D:3:      layout_rooms, nicolae_overflow_macrodata_refinement, serial_shops,
          nicolae_shop_stone, minmay_ogre_servants

Skill      XL: |  1  2  3 |
---------------+----------+-----
Ranged Weapons | 3 4 |  4.9
Fighting       | 2 |  2.0
Dodging        | |  2.1
Spellcasting   | |  1.0
Hexes          | |  2.0

Action                     |  1- 3 |  4- 6 || total
---------------------------+-------+-------++-------
   Fire: Sling             |   103 |    17 ||   120
    Use: Scroll            |     5 |     2 ||     7
         Potion            |     1 |       ||     1
 Armour: Robe              |    17 |     1 ||    18
  Dodge: Dodged            |    38 |     2 ||    40

Table legend:
 A = Non-vault XP
 B = Vault XP
 C = Vault XP percentage of total XP
 D = Non-vault monster count
 E = Vault monster count
 F = Vault count percentage of total count
                 A         B        C        D         E       F
            +---------+---------+-------+---------+---------+-------
      Total |     124 |      10 |   7.5 |      42 |       5 |  10.6
            +---------+---------+-------+---------+---------+-------
        D:1 |      23 |       0 |   0.0 |      15 |       0 |   0.0
        D:2 |      28 |       0 |   0.0 |      13 |       0 |   0.0
        D:3 |      73 |      10 |  12.0 |      14 |       5 |  26.3
            +---------+---------+-------+---------+---------+-------
